 Dungeon Crawl Stone Soup version 0.28.0-53-g5a82cb258f (webtiles) character file.

Game seed: 7803379318094710750

1532 tizbic2 the Spear-Bearer (level 8, -1/79 HPs)
             Began as an Ogre Summoner on July 16, 2022.
             Was a Priest of Zin.
             Slain by a manticore (3 damage)
             ... on level 6 of the Dungeon.
             The game lasted 00:29:58 (6228 turns).

tizbic2 the Spear-Bearer (Ogre Summoner)            Turns: 6228, Time: 00:29:59

Health: -1/79      AC:  3    Str: 14    XL:     8   Next: 85%
Magic:  1/14       EV:  9    Int: 19    God:    Zin [***...]
Gold:   247        SH:  0    Dex: 10    Spells: 7/15 levels left

rFire   . . .      SeeInvis +   m - +3 spear of War {venom, SInv Stlth+}
rCold   . . .      Faith    .   (no shield)
rNeg    + . .      Spirit   .   r - +0 robe
rPois   ∞          Reflect  .   (helmet restricted)
rElec   .          Harm     .   (no cloak)
rCorr   .          Rampage  .   (gloves unavailable)
Will    .....                   (boots unavailable)
Stlth   +++.......              (no amulet)
HPRegen 0.23/turn               q - ring of positive energy
MPRegen 0.14/turn               (no ring)

@: vitalised, very slightly contaminated, studying Polearms
A: large, unfitting armour, tough skin 1
a: Renounce Religion, Recite, Vitalisation, Imprison, Donate Gold


You were on level 6 of the Dungeon.
You worshipped Zin.
Zin was most pleased with you.
You visited 1 branch of the dungeon, and saw 6 of its levels.

You collected 274 gold pieces.
You donated 27 gold pieces to Zin.

Inventory:

Hand Weapons
 a - a +0 hunting sling
 m - the +3 spear of War (weapon) {venom, SInv Stlth+}
   (You found it on level 2 of the Dungeon)

   It poisons the flesh of those it strikes.
   SInv:      It lets you see invisible.
   Stlth:     It makes you more stealthy.
 v - a +0 arbalest
 w - a +2 war axe of electrocution
Missiles
 i - 108 stones (quivered)
 k - 40 sling bullets
 o - 20 poisoned darts
 y - 3 boomerangs of dispersal
 z - a curare-tipped dart
Armour
 r - a +0 robe (worn)
Jewellery
 q - a ring of positive energy (left hand)
Wands
 g - a wand of polymorph (12)
 s - a wand of flame (3)
Scrolls
 e - a scroll of amnesia
 l - 2 scrolls of magic mapping {unknown}
 n - a scroll of torment {unknown}
 t - a scroll of teleportation {unknown}
 u - 2 scrolls of enchant weapon {unknown}
Potions
 b - 4 potions of flight {unknown}
 c - 4 potions of curing
 d - 2 potions of haste
 f - 2 potions of might
 h - a potion of brilliance
 j - 4 potions of attraction
 p - 2 potions of heal wounds {unknown}
 x - a potion of resistance {unknown}


   Skills:
 + Level 4.4 Fighting
 * Level 8.3 Polearms
 - Level 1.7 Dodging
 - Level 1.4 Stealth
 - Level 4.2 Spellcasting
 - Level 5.6 Summonings
 + Level 5.1 Air Magic


You had 7 spell levels left.
You knew the following spells:

 Your Spells              Type           Power      Damage    Failure   Level
a - Summon Small Mammal   Summ           100%       N/A       1%          1
b - Call Canine Familiar  Summ           25%        N/A       4%          3
c - Summon Lightning Spi  Summ/Air       24%        N/A       14%         4

Your spell library contained the following spells:

 Spells                   Type           Power      Damage    Failure   Level
 Call Imp                 Summ           25%        N/A       1%          2
 Summon Guardian Golem    Hex/Summ       14%        N/A       13%         3
 Portal Projectile        Hex/Tloc       8%         N/A       38%         3
 Fulminant Prism          Conj/Hex       2%         3d6       80%         4
 Iskenderun's Mystic Bla  Conj/Tloc      4%         2d3       80%         4
 Leda's Liquefaction      Hex/Erth       2%         N/A       80%         4
 Lee's Rapid Deconstruct  Erth           2%         3d5*      98%         5


Dungeon Overview and Level Annotations

Branches:
Dungeon (6/15)             Temple (0/1) D:4

Altars:
Sif Muna
Wu Jian
Xom
Zin


Innate Abilities, Weirdness & Mutations

You are too large for most types of armour.
You have tough skin. (AC +1)


Message History

Casting: Summon Small Mammal (safe; 1% risk of failure)
Confirm with . or Enter, or press ? or * to list all spells.
You miscast Summon Lightning Spire.
You are very lightly contaminated with residual magic.
Nothing appears to happen.
Casting: Summon Lightning Spire (dangerous; 16% risk of failure)
Confirm with . or Enter, or press ? or * to list all spells.
You miscast Summon Lightning Spire.
Nothing appears to happen.
The manticore bites you! The manticore claws you! x2
The manticore barely misses your hound.
The manticore claws your hound but does no damage.
The manticore claws your hound.
Casting: Summon Lightning Spire (dangerous; 16% risk of failure)
Confirm with . or Enter, or press ? or * to list all spells.
You miscast Summon Lightning Spire.
Electricity courses through your body!
Your hound bites the manticore.
The manticore flicks its tail.
The volley of spikes hits your hound!
Your hound dies!
Your hound's corpse disappears in a puff of smoke!
Casting: Summon Lightning Spire (dangerous; 16% risk of failure)
Confirm with . or Enter, or press ? or * to list all spells.
You don't have enough magic to cast this spell.
Casting: Summon Lightning Spire (dangerous; 16% risk of failure)
Confirm with . or Enter, or press ? or * to list all spells.
Okay, then.
Zin grants you divine stamina.
The manticore flicks its tail.
The volley of spikes misses you. The manticore bites you!!
* * * LOW HITPOINT WARNING * * *
The manticore claws you.
* * * LOW HITPOINT WARNING * * *
The manticore completely misses you.
You feel better. The manticore bites you!
* * * LOW HITPOINT WARNING * * *
The manticore claws you. Zin protects you from harm! The manticore claws you.
You die...

##.....###.#.#.## .#.#
#.......####.### ##.#
.....^......8. <#
........####.## #.###
.......## .# #.# .....
......###.##. #.###.#.#
.........###.# #......#
#........##...##H..####
##...##..#.....#@.##
##'## #.........## #.#
###.###.## #.# #.....#
##.## #####.# ##...##
#.# #.....# #.#
.#...##########.#
.##.............#


You could see a manticore.

Vanquished Creatures
  A wraith (D:6)
  Pargi (D:3)
  A scorpion (D:6)
  An orc wizard (D:6)
  2 iguanas
  A hound skeleton (D:5)
  2 gnolls (D:6)
  4 adders
  A white imp (D:5)
  6 dart slugs
  6 orcs
  4 ball pythons
  4 bats (D:2)
  An endoplasm (D:4)
  A giant cockroach (D:4)
  3 goblins
  4 hobgoblins
  3 quokkas (D:2)
  A frilled lizard (D:1)
  5 rats
52 creatures vanquished.

Vanquished Creatures (collateral kills)
  A troll (D:6)
  A water moccasin (D:6)
  A necrophage (D:4)
  A centaur (D:6)
  Blork the orc (D:6)
  A kobold brigand (D:6)
  A scorpion (D:5)
  A water moccasin zombie (D:5)
  A water moccasin skeleton (D:4)
  A jelly (D:6)
  An iguana (D:4)
  An orc wizard (D:6)
  A gnoll (D:6)
  4 adders
  A dart slug (D:1)
  6 orcs
  5 endoplasms
  3 giant cockroaches
  3 goblins
  3 hobgoblins
  8 kobolds
  2 quokkas
  5 ball pythons
  3 bats
  A frilled lizard (D:1)
57 creatures vanquished.

Vanquished Creatures (others)
  2 orc wizards (D:3)
2 creatures vanquished.

Grand Total: 111 creatures vanquished

Notes
Turn   | Place    | Note
-------+----------+-------------------------------------------
     0 | D:1      | tizbic2 the Ogre Summoner began the quest for the Orb.
     0 | D:1      | Reached XP level 1. HP: 16/16 MP: 3/3
   125 | D:1      | Reached XP level 2. HP: 24/24 MP: 5/5
   828 | D:1      | Reached XP level 3. HP: 22/31 MP: 5/7
  1186 | D:1      | Found a faded altar of an unknown god.
  1189 | D:1      | Prayed at the altar of an unknown god.
  1189 | D:1      | Became a worshipper of Zin the Law-Giver
  1189 | D:1      | Reached * piety under Zin
  1583 | D:1      | Learned a level 3 spell: Call Canine Familiar
  1724 | D:2      | Identified the +3 spear of War {venom, SInv Stlth+}
  1954 | D:2      | Reached skill level 1 in Air Magic
  2041 | D:2      | Reached XP level 4. HP: 39/39 MP: 3/8
  2239 | D:2      | Learned a level 4 spell: Summon Lightning Spire
  2254 | D:2      | Reached ** piety under Zin
  2739 | D:3      | Found a shimmering blue altar of Sif Muna.
  2770 | D:3      | Reached XP level 5. HP: 16/45 MP: 10/10
  2942 | D:3      | Noticed Pargi
  2950 | D:3      | Killed Pargi
  2951 | D:3      | Reached skill level 5 in Summonings
  2951 | D:3      | Reached XP level 6. HP: 26/53 MP: 7/11
  3452 | D:4      | You fall into a shaft and drop 1 floor!
  3452 | D:5      | Entered Level 5 of the Dungeon
  3861 | D:5      | Reached XP level 7. HP: 52/59 MP: 8/13
  4024 | D:5      | Reached *** piety under Zin
  4175 | D:5      | Found an ornate altar of the Wu Jian Council.
  4284 | D:4      | Reached skill level 2 in Polearms
  4789 | D:4      | Reached skill level 3 in Polearms
  4876 | D:4      | Found a staircase to the Ecumenical Temple.
  5048 | D:6      | Noticed Blork the orc
  5052 | D:6      | Killed Blork the orc
  5053 | D:6      | Reached skill level 1 in Fighting
  5053 | D:6      | Reached skill level 4 in Polearms
  5094 | D:6      | Found a shimmering altar of Xom.
  5349 | D:6      | Reached skill level 5 in Polearms
  5549 | D:6      | Reached XP level 8. HP: 72/72 MP: 9/14
  5624 | D:6      | Reached skill level 6 in Polearms
  5767 | D:6      | Noticed a troll
  5777 | D:6      | Killed a troll
  5778 | D:6      | Reached skill level 7 in Polearms
  6029 | D:6      | Reached skill level 5 in Air Magic
  6128 | D:6      | Noticed a wraith
  6139 | D:6      | Killed a wraith
  6140 | D:6      | Reached skill level 8 in Polearms
  6218 | D:6      | Noticed a manticore
  6228 | D:6      | HP: 2/79 [manticore (15)]
  6228 | D:6      | Zin protects you from harm!
  6228 | D:6      | Slain by a manticore

Illustrated notes

Levels and vault maps discovered:
D:1:      lordsloth_arrival_two_stooges, layout_basic,
          hellmonk_ecumenical_altar_inner_sanctum,
          chequers_serial_rivers_micro_b
D:2:      layout_basic
D:3:      layout_basic, led_sif_book, uniq_pargi
D:4:      minmay_chambers_of_fours, layout_cave_pools, temple_green,
          portal_sewer_entry_d
D:5:      layout_gridville, mainiacjoe_overflow_swirl, kennysheep_boxes
D:6:      layout_loops_corners, tgw_xom, kb_rosetta, uniq_blork_the_orc

Skill      XL: |  1  2  3  4  5  6  7  8 |
---------------+-------------------------+-----
Summonings     | 4 5 |  5.6
Spellcasting   | 3 4 |  4.2
Air Magic      | 1 2 3 4 5 |  5.1
Polearms       | 5 8 |  8.3
Fighting       | 2 4 |  4.4
Dodging        | |  1.7
Stealth        | |  1.4

Action                   |  1- 3 |  4- 6 |  7- 9 || total
-------------------------+-------+-------+-------++-------
Melee: Unarmed           |    22 |       |       ||    22
       Club              |    58 |       |       ||    58
       Spear             |    10 |    49 |    86 ||   145
       Punch             |     2 |       |     1 ||     3
 Fire: Hunting sling     |       |     1 |       ||     1
Throw: Stone             |     5 |     1 |     3 ||     9
 Cast: Summon Small Mamm |    34 |     5 |    10 ||    49
       Call Canine Famil |     5 |     9 |    12 ||    26
       Summon Lightning  |       |     2 |     8 ||    10
Invok: Vitalisation      |       |       |     1 ||     1
  Use: Scroll            |     2 |     3 |     2 ||     7
       Potion            |       |     1 |     2 ||     3
 Stab: Sleeping          |     5 |     2 |     2 ||     9
       Distracted        |       |     1 |     3 ||     4
Armor: Robe              |    37 |     7 |    10 ||    54
Dodge: Dodged            |    41 |    22 |    28 ||    91
